 Dungeon Crawl Stone Soup version 0.30.0-10-gfe55d96785 (webtiles) character file.

Game seed: 11280771761285299014

247043 olmar the Tortoise (level 19, -1/181 HPs)
             Began as an Armataur Fighter on May 14, 2023.
             Was an Initiate of Gozag.
             Slain by a harpy simulacrum (8 damage)
             ... in an ice cave.
             The game lasted 01:27:09 (54027 turns).

olmar the Tortoise (Armataur Fighter)              Turns: 54027, Time: 01:27:10

Health: -1/181     AC: 27    Str: 36    XL:     19   Next: 54%
Magic:  2/19       EV:  6    Int: 14    God:    Gozag
Gold:   268        SH:  0    Dex: 15    Spells: 18/18 levels left

rFire   + + .        m - +0 great mace (holy)
rCold   + + +        (shield currently unavailable)
rNeg    + . .        Q - +2 chain mail {Will+}
rPois   +            D - -2 hat of the Alchemist {rElec rPois rF+ rC+ rN+ Will+ rMut rCorr}
rElec   +            X - scarf {rC+ rF+}
rCorr   +            a - +1 pair of gloves {infuse}
SInv    +            j - +3 barding "Vaxzeoq" {Int+5 SInv}
Will    +++..        q - amulet of regeneration Stlth
                     c - +6 ring of dexterity
HPRegen 1.30/turn    M - +6 ring of strength
MPRegen 0.16/turn

%: resist mutation, roll, infuse magic (1 MP)
@: gold aura, studying Hexes, invisible
A: large, rugged brown scales 3, deformed body, armoured tail, roll, long
tongue, awkward tongue, stinger 1, cold resistance 1, mutation resistance 1, no
potion heal 1, MP-powered wands
a: Renounce Religion, Potion Petition, Call Merchant, Bribe Branch


You were in an ice cave.
You worshipped Gozag.
Gozag was aware of your devotion.
You visited 7 branches of the dungeon, and saw 34 of its levels.
You visited the Abyss 1 time.
You visited 1 bazaar.
You also visited: Ossuary and Ice Cave.

You collected 11413 gold pieces.
You spent 5015 gold pieces at shops.
You paid 6130 gold pieces to Gozag.

Inventory:

Hand Weapons
 m - a +0 great mace of holy wrath (weapon)
 E - a +4 great mace
Missiles
 h - 13 javelins (quivered)
 S - 2 throwing nets
Armour
 a - a +1 pair of gloves of infusion (worn)
 g - a +0 tower shield
 j - the +3 barding "Vaxzeoq" (worn) {Int+5 SInv}
   (You acquired it on level 4 of the Dungeon)

   Int:       It affects your intelligence (+5).
   SInv:      It lets you see invisible.
 D - the -2 hat of the Alchemist (worn) {rElec rPois rF+ rC+ rN+ Will+ rMut rCorr}
   (You bought it in a shop in a bazaar)

   rF:        It protects you from fire.
   rC:        It protects you from cold.
   rElec:     It insulates you from electricity.
   rPois:     It protects you from poison.
   rN:        It protects you from negative energy.
   rCorr:     It protects you from acid and corrosion.
   rMut:      It protects you from mutation.
   Will:      It increases your willpower.
 P - the +1 scale mail of Impressiveness {rC+ Dex+3 SInv}
   (You bought it in a shop on level 2 of the Orcish Mines)

   Dex:       It affects your dexterity (+3).
   rC:        It protects you from cold.
   SInv:      It lets you see invisible.
 Q - a +2 chain mail of willpower (worn)
 T - the +0 buckler "Ilupniruc" {Slay+2}
   (You bought it in a shop on level 2 of the Orcish Mines)

   Slay:      It affects your accuracy & damage with ranged weapons and melee
   (+2).
 X - a scarf of resistance (worn)
 Z - a +0 barding of cold resistance
Jewellery
 c - a +6 ring of dexterity (left hand)
 p - a ring of poison resistance
 q - an amulet of regeneration (around neck)
 y - a ring of see invisible
 z - an amulet of the acrobat
 I - the macabre finger necklace {Finger+ rN+}
   (You bought it in a shop in a bazaar)

   [amulet of nothing]

   Finger+:   It enables you to equip an extra ring.
   rN:        It protects you from negative energy.
 M - a +6 ring of strength (right hand)
 V - a ring of resist corrosion
Wands
 v - a wand of iceblast (9)
 x - a wand of flame (7)
 K - a wand of paralysis (2)
 L - a wand of digging (6)
 Y - a wand of polymorph (5)
Scrolls
 d - a scroll of noise
 e - 4 scrolls of silence
 i - 3 scrolls of teleportation
 o - 2 scrolls of brand weapon
 w - 4 scrolls of enchant weapon
 A - 3 scrolls of amnesia
 B - 4 scrolls of enchant armour
 C - 5 scrolls of fear
 H - 4 scrolls of fog
 J - a scroll of magic mapping
 N - a scroll of poison
 R - 8 scrolls of identify
Potions
 b - 2 potions of flight
 f - 6 potions of mutation
 k - 2 potions of curing
 n - 3 potions of attraction
 s - 6 potions of magic
 t - 5 potions of cancellation
 u - 5 potions of brilliance
 F - a potion of resistance
 W - 5 potions of haste
Miscellaneous
 U - a lightning rod (inert)


   Skills:
 + Level 15.3 Fighting
 + Level 20.0 Maces & Flails
 + Level 20.1 Armour
 - Level 0.8 Stealth
 + Level 14.0 Shields
 + Level 4.4 Evocations


You had 18 spell levels left.
You didn't know any spells.
Your spell library contained the following spells:

 Spells                   Type           Power      Damage    Failure   Level
 Apportation              Tloc           0%         N/A       52%         1
 Beastly Appendage        Tmut           0%         N/A       52%         1
 Freeze                   Ice            0%         1d3       52%         1
 Magic Dart               Conj           0%         1d3       52%         1
 Necrotise                Necr           0%         1d4       52%         1
 Summon Small Mammal      Summ           0%         N/A       52%         1
 Cigotuvi's Dreadful Rot  Necr/Pois/Air  0%         N/A       65%         2
 Ensorcelled Hibernation  Hex/Ice        0%         N/A       65%         2
 Poisonous Vapours        Pois/Air       0%         N/A       65%         2
 Searing Ray              Conj           0%         2d4       65%         2
 Static Discharge         Conj/Air       0%         2-2/arc   65%         2
 Wereblood                Tmut           0%         N/A       65%         2
 Frozen Ramparts          Ice            0%         1d1       87%         3
 Hailstorm                Conj/Ice       0%         3d3       87%         3
 Ignite Poison            Fire/Tmut/Pois 0%         N/A       87%         3
 Mephitic Cloud           Conj/Pois/Air  0%         N/A       87%         3
 Ozocubu's Armour         Ice            0%         N/A       87%         3
 Spider Form              Tmut/Pois      0%         N/A       87%         3
 Stone Arrow              Conj/Erth      0%         3d7       87%         3
 Vhi's Electric Charge    Tloc/Air       0%         N/A       87%         3
 Airstrike                Air            0%         2d(0-16)  99%         4
 Anguish                  Hex/Necr       0%         N/A       99%         4
 Animate Armour           Summ/Erth      0%         N/A       99%         4
 Dispel Undead            Necr           0%         3d6       99%         4
 Fulminant Prism          Conj/Hex       0%         3d5       99%         4
 Summon Lightning Spire   Summ/Air       0%         N/A       99%         4
 Arcjolt                  Conj/Air       0%         1d10      100%        5
 Blade Hands              Tmut           0%         N/A       100%        5
 Freezing Cloud           Conj/Ice/Air   0%         6-21      100%        5
 Death Channel            Necr           0%         N/A       100%        6
 Iron Shot                Conj/Erth      0%         9d1       100%        6
 Ozocubu's Refrigeration  Ice            0%         4d7       100%        7
 Lehudib's Crystal Spear  Conj/Erth      0%         10d2      100%        8
 Maxwell's Capacitive Co  Air            0%         ∞         100%        8


Dungeon Overview and Level Annotations

Branches:
Dungeon (15/15)            Temple (0/1) D:7            Lair (5/5) D:9
  Swamp (4/4) Lair:2       Spider (3/4) Lair:3        Slime (0/5) Lair:5
    Orc (2/2) D:11            Elf (3/3) Orc:2        Vaults (0/5) D:14
 Depths (2/4) D:15        Ossuary (visited)           IceCv (1/1)

Altars:
Ashenzari
Cheibriados
Gozag
Nemelex Xobeh
Okawaru
Uskayaw
Vehumet
Yredelemnul
The Shining One
Jiyva

Shops:
D:5 =   D:13 :   Orc:1 (   Orc:2 =([*==   Elf:1 :(   Elf:2 =   Lair:2 *
Lair:4 (   Lair:5 (   Depths:1 [[(*

Portals:
Hell: Depths:1 Depths:2
Abyss: Depths:1
Pandemonium: Depths:1
Ziggurat: Depths:1
Trove: D:10 (show slimy rune of Zot)

Annotations:
Lair:2 exclusion: 4 oklob plants
Swamp:3 Roxanne
Elf:2 3 runed translucent doors


Innate Abilities, Weirdness & Mutations

You are completely covered in rugged brown scales. (AC +3, +7% HP)
Armour fits poorly on your strangely shaped body.
You have a long armoured tail.
You roll when moving toward enemies. (Rampage)
Your long tongue fully drains potion bottles. (2x potion effects)
Your tongue gives you trouble enunciating. (1.5x scroll delay)
Your tail ends in a venomous barb.
Your flesh is cold resistant. (rC+)
You are somewhat resistant to further mutation.
Potions are less effective at restoring your health.
You expend magic power (3 MP) to strengthen your wands.


Message History

The harpy simulacrum is distracted by your dazzling golden aura.
The lindwurm simulacrum bites you but does no damage.
The lindwurm simulacrum claws you but does no damage. x2
The white very ugly thing stings you but does no damage.
The anaconda simulacrum bites you!
* * * LOW HITPOINT WARNING * * *
The anaconda simulacrum freezes you. You resist.
* * * LOW HITPOINT WARNING * * *
Unknown command.
Your system partially rejects the healing.
You feel better.
You slurp down every last drop of the potion of curing!
The harpy simulacrum is no longer distracted by gold.
The harpy simulacrum claws you.
* * * LOW HITPOINT WARNING * * *
The harpy simulacrum freezes you. You resist.
* * * LOW HITPOINT WARNING * * *
The harpy simulacrum claws you but does no damage. x3
The anaconda simulacrum bites you but does no damage.
The harpy simulacrum claws you!
* * * LOW HITPOINT WARNING * * *
The harpy simulacrum freezes you. You resist.
* * * LOW HITPOINT WARNING * * *
The harpy simulacrum claws you but does no damage.
The white very ugly thing stings you!
* * * LOW HITPOINT WARNING * * *
The white very ugly thing freezes you! You resist.
* * * LOW HITPOINT WARNING * * *
The lindwurm simulacrum bites you but does no damage.
The lindwurm simulacrum barely misses you.
The lindwurm simulacrum claws you but does no damage.
Okay, then.
Okay, then.
Okay, then.
Okay, then.
Unknown command.
Unknown command.
The harpy simulacrum claws you!
You die...
Your body crumbles into a pile of gold.

####
##...####
........##
.........##
......u.@.##
$
[..8.ZZZZ..#
.$......Z..#
©??......∩∩#
.!.........#
$
/..8.......#
..........##
.........##
........##


You could see a white very ugly thing (unable to see you), an anaconda
simulacrum (unable to see you), a seven-headed hydra simulacrum (unable to see
you), a lindwurm simulacrum (unable to see you) and 2 harpy simulacra.

Vanquished Creatures
  Bai Suzhen (Depths:1)
  The ghost of liarliar the Spry, an adept MfMo of Hepliaklqana (Depths:1)
  A tentacled monstrosity (Swamp:3)
  Jorgrun (Swamp:2)
  A deep elf blademaster (Elf:3)
  Agnes (Spider:2)
  A daeva (Abyss:3)
  A thorn hunter (Swamp:4)
  A ghost moth (Spider:2)
  3 deep elf sorcerers
  Aizul (Elf:1)
  3 frost giants (Depths:1)
  An orc warlord (Orc:2)
  A spriggan defender (Depths:1)
  A deep elf elementalist (Elf:1)
  5 very ugly things (Depths:1)
  4 eleionomae
  A bunyip (Lair:2)
  2 stone giants (Depths:1)
  2 deep elf annihilators
  2 ettins (Depths:1)
  A quicksilver dragon zombie (D:15)
  A fire dragon (Depths:1)
  2 entropy weavers
  A great orb of eyes (D:9)
  An ice dragon (Depths:1)
  11 hydras
  4 ogre magi
  3 radroaches
  A merfolk avatar (Lair:5)
  A rakshasa (Depths:1)
  5 boulder beetles
  A ghost crab (Swamp:3)
  4 centaur warriors (D:14)
  A jorogumo (Spider:2)
  17 two-headed ogres
  A vampire mage (Depths:1)
  A death knight (D:9)
  3 tengu warriors
  4 alligators
  8 dancing weapons
  5 orc high priests
  A spriggan berserker (Depths:1)
  7 deep elf knights
  7 skeletal warriors
  2 skysharks
  2 pharaoh ants (Spider:2)
  2 sea snakes (Lair:5)
  3 goliath frogs
  A spriggan druid (Swamp:2)
  4 swamp dragons
  A harpy (shapeshifter) (D:14)
  A flayed ghost (D:15)
  An orb spider (Spider:2)
  3 wizards
  Pikel (D:7)
  A harpy (Lair:5)
  3 bog bodies
  17 deep elf zephyrmancers
  11 deep elf archers
  2 lindwurms
  4 orc knights
  15 deep elf pyromancers
  2 necromancers
  3 steelbarb worms
  19 ugly things
  A stone giant zombie (D:15)
  12 wolf spiders
  3 orc sorcerers (Orc:2)
  3 cyclopes
  25 elephants
  A will-o-the-wisp (Swamp:2)
  4 manticores
  A moth of wrath (Spider:2)
  3 black mambas
  A gargoyle (D:11)
  A torpor snail (Spider:2)
  9 cane toads
  3 yaktaurs (D:15)
  2 spriggan zombies (D:15)
  A freezing wraith (D:9)
  3 kobold demonologists
  An unseen horror (shapeshifter) (Elf:1)
  4 rime drakes
  3 tengu conjurers
  An anaconda simulacrum (IceCv)
  An efreet (D:15)
  13 komodo dragons
  8 trolls
  A queen bee (shapeshifter) (D:14)
  A tengu simulacrum (Depths:2)
  A tyrant leech (shapeshifter) (Elf:1)
  3 polar bears
  Prince Ribbit (D:5)
  8 hornets
  6 meliai
  A queen bee (Lair:2)
  11 dream sheep
  14 tarantellas
  Grinder (D:5)
  22 blink frogs
  12 tyrant leeches
  13 jumping spiders
  Sigmund (D:6)
  12 slime creatures
  8 culicivoras
  4 shadows
  7 spriggans
  4 water elementals
  3 air elementals
  10 basilisks
  2 wraiths
  7 wyverns
  Eustachio (D:6)
  2 vampires
  2 fire elementals
  49 yaks
  4 steam dragons
  10 vampire mosquitoes
  36 redbacks
  14 swamp worms
  3 wargs
  An acid dragon (D:12)
  2 hydra simulacra (IceCv)
  18 water moccasins
  2 sky beasts (D:7)
  4 black bears
  36 orc warriors
  14 ogres
  A boggart (Elf:1)
  34 wolves
  14 centaurs
  A phantom (D:5)
  5 kobold brigands
  Blork the orc (D:5)
  A gnoll sergeant (D:6)
  2 scorpions (D:5)
  6 bullfrogs
  5 earth elementals
  11 wights
  48 killer bees
  An electric eel (Lair:2)
  4 howler monkeys
  3 centaur zombies (Ossuary)
  8 jellies
  A hound (D:5)
  Crazy Yiuf (D:7)
  18 orc priests
  An iron imp (D:3)
  2 sleepcaps
  A gnoll bouda (Lair:4)
  Ijyb (D:4)
  40 orc wizards
  2 iguanas
  A hell rat (Lair:2)
  3 mummies (Ossuary)
  8 gnolls
  7 adders
  3 shadow imps
  2 white imps
  2 ufetubi
  3 worms (D:2)
  5 dart slugs
  72 orcs
  9 endoplasms
  A giant cockroach (D:2)
  2 gnoll zombies (Ossuary)
  5 goblins
  5 hobgoblins
  23 kobolds
  3 quokkas
  7 ball pythons
  3 bats
  7 frilled lizards
  A hobgoblin zombie (Ossuary)
  2 orc zombies (Ossuary)
  7 rats
  A butterfly (Lair:4)
1073 creatures vanquished.

Vanquished Creatures (others)
  A deep elf knight (Elf:2)
  A water elemental (Elf:2)
  2 orc wizards
  2 orcs
6 creatures vanquished.

Grand Total: 1079 creatures vanquished

Notes
Turn   | Place    | Note
-------+----------+-------------------------------------------
     0 | D:1      | olmar the Armataur Fighter began the quest for the Orb.
     0 | D:1      | Reached XP level 1. HP: 19/19 MP: 1/1
   146 | D:1      | Reached XP level 2. HP: 23/26 MP: 2/2
   330 | D:1      | Found a faded altar of an unknown god.
   509 | D:1      | You fall into a shaft and drop 1 floor!
   615 | D:2      | Reached XP level 3. HP: 28/33 MP: 3/3
  1183 | D:2      | Reached XP level 4. HP: 40/40 MP: 4/4
  1577 | D:3      | Reached XP level 5. HP: 35/48 MP: 5/5
  1664 | D:3      | Gained mutation: You have hidden genetic defects. [potion
                  | of mutation]
  1664 | D:3      | Gained mutation: Potions are less effective at restoring
                  | your health. [potion of mutation]
  1664 | D:3      | Gained mutation: You expend magic power (3 MP) to
                  | strengthen your wands. [potion of mutation]
  1664 | D:3      | Gained mutation: Your system is resistant to poisons.
                  | (rPois) [potion of mutation]
  1664 | D:3      | Gained mutation: You are agile. (Dex +4, Str/Int -1)
                  | [potion of mutation]
  1664 | D:3      | Gained mutation: You are frail. (-10% HP) [potion of
                  | mutation]
  1664 | D:3      | Gained mutation: Your tail ends in a venomous barb. [potion
                  | of mutation]
  1821 | D:3      | Identified the +7 sling of Subjectivity {flame, rC++ Will+
                  | Stlth-}
  1970 | D:3      | Gained mutation: You are weak. (Str -2) [hidden defects]
  2204 | D:3      | Found a snail-covered altar of Cheibriados.
  2211 | D:3      | Reached skill level 5 in Armour
  2235 | D:3      | Gained mutation: You are very frail. (-20% HP) [hidden
                  | defects]
  2235 | D:3      | Lost mutation: You have hidden genetic defects. [hidden
                  | defects expressed]
  2430 | D:4      | Noticed an ogre
  2434 | D:4      | Killed an ogre
  2435 | D:4      | Reached XP level 6. HP: 24/44 MP: 0/6
  2464 | D:4      | Identified a scroll of acquirement
  2467 | D:4      | Acquired the +3 barding "Vaxzeoq" {Int+5 SInv}
  2579 | D:4      | Found a sand-covered staircase.
  2586 | Ossuary  | Entered an ossuary
  2868 | D:4      | Noticed Ijyb
  2873 | D:4      | Killed Ijyb
  2874 | D:4      | Reached XP level 7. HP: 42/50 MP: 7/7
  3178 | D:5      | Entered Level 5 of the Dungeon
  3242 | D:5      | Reached skill level 5 in Maces & Flails
  3248 | D:5      | Noticed Grinder
  3251 | D:5      | Paralysed by Grinder for 2 turns
  3255 | D:5      | Killed Grinder
  3396 | D:5      | Reached skill level 1 in Evocations
  3416 | D:5      | Reached skill level 5 in Shields
  3480 | D:5      | Reached XP level 8. HP: 57/57 MP: 8/8
  3513 | D:5      | Noticed Blork the orc
  3527 | D:5      | Killed Blork the orc
  3823 | D:5      | Noticed Prince Ribbit
  3835 | D:5      | Killed Prince Ribbit
  4280 | D:5      | Found Hon Gemn's Jewellery Boutique.
  4753 | D:5      | Reached XP level 9. HP: 45/62 MP: 9/9
  4880 | D:6      | Found a radiant altar of Vehumet.
  5158 | D:6      | Noticed Eustachio
  5176 | D:6      | Killed Eustachio
  5388 | D:6      | Found a broken altar of Ashenzari.
  5389 | D:6      | Found an iron altar of Okawaru.
  5391 | D:6      | Found a hide-covered altar of Uskayaw.
  5514 | D:6      | Found a basalt altar of Yredelemnul.
  5514 | D:6      | Found an opulent altar of Gozag.
  5626 | D:6      | Reached skill level 5 in Fighting
  5675 | D:6      | Became a worshipper of Gozag Ym Sagoz the Greedy
  5805 | D:6      | Noticed Sigmund
  5811 | D:6      | Killed Sigmund
  6043 | D:7      | Found a staircase to the Ecumenical Temple.
  6128 | D:7      | Found a runed translucent door.
  6129 | D:7      | Noticed Crazy Yiuf
  6210 | D:7      | Noticed Pikel
  6490 | D:7      | Killed Pikel
  6774 | D:7      | Reached XP level 10. HP: 72/72 MP: 10/10
  6900 | D:7      | Found a glowing golden altar of the Shining One.
  8289 | D:9      | Reached skill level 10 in Armour
  8678 | D:9      | Found a staircase to the Lair.
  8717 | D:10     | Entered Level 10 of the Dungeon
  9712 | D:9      | Found a runed translucent door.
  9713 | D:9      | Noticed a wizard
  9879 | D:9      | Reached skill level 10 in Maces & Flails
 10303 | D:9      | Noticed a death knight
 10364 | Lair:1   | Entered Level 1 of the Lair of Beasts
 10364 | Lair:1   | Noticed a cane toad
 10398 | Lair:1   | Killed a cane toad
 10399 | Lair:1   | Reached XP level 11. HP: 57/79 MP: 11/11
 10527 | D:5      | Bought an amulet of the acrobat for 330 gold pieces
 11053 | Lair:1   | You fall into a shaft and drop 1 floor!
 12060 | Lair:2   | Noticed an oklob plant
 12060 | Lair:2   | Noticed an oklob plant
 12066 | Lair:2   | Noticed an oklob plant
 12066 | Lair:2   | Noticed an oklob plant
 12211 | Lair:2   | Reached XP level 12. HP: 65/87 MP: 12/12
 12218 | Lair:2   | Reached skill level 10 in Shields
 12961 | Lair:2   | Found a staircase to the Swamp.
 12998 | Lair:2   | Bought a wand of paralysis (4) for 153 gold pieces
 12998 | Lair:2   | Bought a potion of ambrosia for 128 gold pieces
 13497 | Lair:2   | Noticed a seven-headed hydra
 13511 | Lair:2   | Killed a seven-headed hydra
 14379 | Lair:3   | Found a hole to the Spider Nest.
 16144 | Lair:4   | Reached XP level 13. HP: 70/93 MP: 13/13
 17488 | Lair:5   | Entered Level 5 of the Lair of Beasts
 17513 | Lair:4   | Bought a glowing dire flail for 210 gold pieces
 18272 | Lair:5   | Paralysed by a hornet for 2 turns
 18274 | Lair:5   | Reached skill level 15 in Armour
 18376 | Lair:4   | Lost mutation: Potions are less effective at restoring your
                  | health. [potion of mutation]
 18376 | Lair:4   | Lost mutation: You are very frail. (-20% HP) [potion of
                  | mutation]
 18376 | Lair:4   | Lost mutation: Your system is resistant to poisons. (rPois)
                  | [potion of mutation]
 18376 | Lair:4   | Lost mutation: You expend magic power (3 MP) to strengthen
                  | your wands. [potion of mutation]
 18376 | Lair:4   | Lost mutation: You are agile. (Dex +4, Str/Int -1) [potion
                  | of mutation]
 18376 | Lair:4   | Lost mutation: You are frail. (-10% HP) [potion of
                  | mutation]
 18376 | Lair:4   | Gained mutation: Potions are less effective at restoring
                  | your health. [potion of mutation]
 18376 | Lair:4   | Gained mutation: Your flesh is cold resistant. (rC+)
                  | [potion of mutation]
 18376 | Lair:4   | Gained mutation: You expend magic power (3 MP) to
                  | strengthen your wands. [potion of mutation]
 18376 | Lair:4   | Lost mutation: You are weak. (Str -2) [potion of mutation]
 18376 | Lair:4   | Gained mutation: You are somewhat resistant to further
                  | mutation. [potion of mutation]
 19647 | Abyss:3  | Cast into level 3 of the Abyss (a wizard)
 19666 | Abyss:3  | Found a transporter.
 19697 | Abyss:3  | Noticed a starcursed mass
 19700 | Abyss:3  | Noticed a daeva
 19729 | Abyss:3  | Noticed a profane servitor
 19746 | Abyss:3  | Killed a daeva
 19761 | D:9      | Escaped the Abyss
 20405 | D:10     | Found a portal to a secret trove of treasure.
 20562 | D:11     | Reached XP level 14. HP: 105/126 MP: 14/14
 20644 | D:11     | Found a staircase to the Orcish Mines.
 22389 | D:13     | Reached skill level 10 in Fighting
 22622 | Orc:1    | Entered Level 1 of the Orcish Mines
 22936 | Orc:1    | Found Gehuidwu's Antique Weapon Emporium.
 23166 | Orc:2    | Entered Level 2 of the Orcish Mines
 24221 | Orc:2    | Noticed an orc warlord
 24408 | Orc:2    | Killed an orc warlord
 24835 | Orc:2    | Found a staircase to the Elven Halls.
 24945 | Orc:2    | Found Gokharch Qimo's Jewellery Shoppe.
 25554 | Orc:2    | Found Xyrynlar's General Store.
 25555 | Orc:2    | Found Ymuicink's Jewellery Boutique.
 25557 | Orc:2    | Found Tyashoklie's Antique Armour Boutique.
 25557 | Orc:2    | Found Hoeg's Antique Weapon Shop.
 25562 | Orc:2    | Bought a potion of curing for 42 gold pieces
 25562 | Orc:2    | Bought a potion of resistance for 140 gold pieces
 25562 | Orc:2    | Bought a scroll of teleportation for 42 gold pieces
 25576 | Orc:2    | Bought a spiked scale mail for 225 gold pieces
 25576 | Orc:2    | Identified the +1 scale mail of Impressiveness {rC+ Dex+3
                  | SInv} (You bought it in a shop on level 2 of the Orcish
                  | Mines)
 25576 | Orc:2    | Bought an ancient buckler for 237 gold pieces
 25576 | Orc:2    | Identified the +0 buckler "Ilupniruc" {Slay+2} (You bought
                  | it in a shop on level 2 of the Orcish Mines)
 25576 | Orc:2    | Bought a runed barding for 650 gold pieces
 26253 | D:13     | HP: 1/130 [meliai/divine providence (15)]
 26259 | D:13     | HP: 6/130 [meliai/divine providence (10)]
 27755 | Lair:5   | Reached XP level 15. HP: 83/136 MP: 15/15
 27952 | Lair:5   | Found a viscous altar of Jiyva.
 28032 | Lair:5   | Found a staircase to the Slime Pits.
 28523 | Lair:5   | Reached skill level 15 in Maces & Flails
 28523 | Lair:5   | Reached XP level 16. HP: 147/147 MP: 16/16
 28523 | Lair:5   | Reached XP level 17. HP: 155/155 MP: 17/17
 29191 | Elf:1    | Entered Level 1 of the Elven Halls
 29191 | Elf:1    | Found a runed translucent gate.
 29191 | Elf:1    | Found a runed translucent gate.
 29191 | Elf:1    | Found a runed translucent gate.
 29191 | Elf:1    | Found a runed translucent gate.
 29191 | Elf:1    | Found a runed translucent gate.
 29191 | Elf:1    | Found a runed translucent gate.
 29192 | Elf:1    | Found a runed translucent door.
 29210 | Elf:1    | Found a runed translucent door.
 29699 | Elf:1    | Found Zohae's Weapon Emporium.
 29699 | Elf:1    | Found Xahyuwe's Book Shoppe.
 29715 | Elf:1    | Identified the +5 rapier "Optibekh" {elec, rF+ Dex+2
                  | Stlth+}
 30858 | Elf:1    | Paralysed by an air elemental for 1 turns
 30865 | Elf:1    | Paralysed by an air elemental for 1 turns
 31032 | Elf:1    | Paralysed by an air elemental for 1 turns
 31542 | Elf:1    | Noticed Aizul
 31563 | Elf:1    | Killed Aizul
 31937 | Elf:2    | Found Nusoaps's Jewellery Emporium.
 31946 | Elf:2    | Paralysed by an air elemental for 1 turns
 33102 | D:13     | Found Ihuesch's Vocational Training.
 35583 | D:14     | Found a gate to the Vaults.
 35843 | D:15     | Entered Level 15 of the Dungeon
 36689 | D:15     | Found a staircase to the Depths.
 37128 | D:15     | Reached XP level 18. HP: 141/167 MP: 18/18
 38029 | Depths:1 | Entered Level 1 of the Depths
 38042 | Depths:1 | Found Seloroiga's Antique Armour Boutique.
 38042 | Depths:1 | Found Kura's General Store.
 38042 | Depths:1 | Found Bana's Antique Armour Boutique.
 38043 | Depths:1 | Found Mozeonuh's Weapon Boutique.
 38061 | Depths:1 | Bought a pair of embroidered gloves for 247 gold pieces
 38079 | Depths:1 | Bought a scroll of teleportation for 57 gold pieces
 38133 | Depths:1 | Found a runed translucent door.
 38133 | Depths:1 | Noticed liarliar's ghost (adept MfMo)
 38142 | Depths:1 | Found a one-way gate to the infinite horrors of the Abyss.
 38308 | Depths:1 | Found a one-way gateway to a ziggurat.
 38314 | Depths:1 | Found a flickering gateway to a bazaar.
 38326 | Bazaar   | Entered a bazaar
 38326 | Bazaar   | Found Ulestric's Jewellery Shop.
 38352 | Bazaar   | Found Zociezick's Armour Shoppe.
 38357 | Bazaar   | Found Risu's Book Shoppe.
 38360 | Bazaar   | Bought the -2 hat of the Alchemist {rElec rPois rF+ rC+ rN+
                  | Will+ rMut rCorr} for 613 gold pieces
 38360 | Bazaar   | Found the -2 hat of the Alchemist {rElec rPois rF+ rC+ rN+
                  | Will+ rMut rCorr}
 38383 | Bazaar   | Found Xezibol's Magic Scroll Emporium.
 38391 | Bazaar   | Bought a scroll of enchant weapon for 75 gold pieces
 38391 | Bazaar   | Bought a scroll of enchant armour for 75 gold pieces
 38391 | Bazaar   | Bought a scroll of identify for 20 gold pieces
 38391 | Bazaar   | Bought a scroll of teleportation for 30 gold pieces
 38391 | Bazaar   | Bought a scroll of silence for 95 gold pieces
 38391 | Bazaar   | Bought a scroll of teleportation for 30 gold pieces
 38427 | Bazaar   | Bought the macabre finger necklace {Finger+ rN+} for 560
                  | gold pieces
 38427 | Bazaar   | Found the macabre finger necklace {Finger+ rN+}
 38603 | Depths:1 | Noticed Bai Suzhen
 38621 | Depths:1 | Killed Bai Suzhen
 39297 | Depths:1 | Found a one-way gate leading to the halls of Pandemonium.
 39359 | Depths:1 | Found a sparkling altar of Nemelex Xobeh.
 39427 | Depths:1 | Found a gateway to Hell.
 40088 | Elf:2    | Found a runed translucent gate.
 40601 | Elf:2    | HP: 5/170 [+2 heavy battleaxe (37)]
 40968 | Elf:2    | Found a runed translucent gate.
 40969 | Elf:2    | Found a runed translucent gate.
 41370 | Elf:3    | Entered Level 3 of the Elven Halls
 41879 | Elf:1    | Found a radiant altar of Vehumet.
 42262 | D:7      | Killed Crazy Yiuf
 42384 | Swamp:1  | Entered Level 1 of the Swamp
 44182 | Swamp:3  | Noticed Jorgrun
 44202 | Swamp:2  | Killed Jorgrun
 45362 | Swamp:3  | Noticed Roxanne
 45934 | Swamp:4  | Entered Level 4 of the Swamp
 45947 | Swamp:4  | Reached XP level 19. HP: 153/177 MP: 12/19
 47208 | Depths:1 | Killed liarliar's ghost
 47697 | Depths:1 | Found the +7 Spriggan's Knife {stab, EV+4 Stlth+}
 50529 | Spider:1 | Entered Level 1 of the Spider Nest
 51792 | Orc:2    | Bought an amulet of regeneration for 480 gold pieces
 51901 | Orc:2    | Bought a +6 ring of strength for 576 gold pieces
 52490 | Spider:1 | You fall into a shaft and drop 1 floor!
 52580 | Spider:2 | Reached skill level 15 in Fighting
 53087 | Spider:2 | Noticed Agnes
 53242 | Spider:2 | Killed Agnes
 54004 | Spider:3 | Found a frozen archway.
 54013 | IceCv    | Entered an ice cave
 54026 | IceCv    | HP: 5/181 [white very ugly thing (10)]
 54027 | IceCv    | Slain by a harpy simulacrum

Illustrated notes

Levels and vault maps discovered:
D:1:      roderic_chinese_lattice_arrival, layout_loops_ring,
          ebering_ecumenical_altar_sacrificial
D:2:      cheibrodos_helix_gallery, layout_basic, kennysheep_pointless_box
D:3:      layout_basic, slow_altar_2, kennysheep_generic_room_10
D:4:      layout_rooms, enter_ossuary_5, kennysheep_generic_room_2, uniq_ijyb
D:5:      layout_cave_pods, serial_shops, shop_statue, grunt_ministairs_8,
          uniq_blork_the_orc, uniq_prince_ribbit1, uniq_grinder
D:6:      layout_gridville, gammafunk_temple_overflow_wave,
          mainiacjoe_overflow_small_starburst,
          gammafunk_temple_overflow_forgotten, uniq_eustachio, uniq_sigmund
D:7:      layout_basic, mainiacjoe_overflow_24_doors,
          minmay_temple_entry_statues_fountains, uniq_pikel,
          uniq_crazy_yiuf_cottage
D:8:      layout_rooms, minmay_misc_feat_doors
D:9:      layout_cave_pods, grunt_lair_entry_orc_guard_hut,
          minmay_misc_feat_rugged, minivault_13
D:10:     layout_rooms, trove_entry_hex_spiral
D:11:     layout_cave_pools, minmay_orc_entry_temple_small
D:12:     layout_roguey
D:13:     layout_roguey, nicolae_shop_vocational
D:14:     layout_loops_corners, hangedman_vaults_entry_quadrant_bands,
          hangedman_decor_opposing
D:15:     gammafunk_depths_entry_grave, layout_cave_pods,
          minmay_misc_feat_diagonals, chequers_serial_rivers_small_b
Lair:1:   layout_layer_cave, minivault_11, chequers_serial_rivers_micro_b
Lair:2:   hangedman_what_comes_after_a, layout_layer_cave, swamp_mist_pool,
          chequers_serial_rivers_small_b, grunt_megastairs_3,
          serial_bayou_shore_a
Lair:3:   layout_layer_cave, spider_nest_entry_a
Lair:4:   layout_gridlike, dreamdust_gnoll_shepherd, serial_bayou_shore_b,
          lemuel_fruit_fields
Lair:5:   gammafunk_lair_ancient_temple, layout_big_grid,
          nicolae_slime_entry_field_trip
Swamp:1:  layout_basic_swamp, nicolae_swamp_fairy_circle
Swamp:2:  layout_basic_swamp, evilmike_swamp_ruin_house_5, swamp_pool3,
          infiniplex_staircase_pool
Swamp:3:  layout_falls_marsh, hangedman_swamp_blocks, swamp_pool2,
          nicolae_swamp_bean_lake, uniq_roxanne, uniq_jorgrun
Swamp:4:  swamp_alternative, layout_basic_swamp
Spider:1: nicolae_spider_mines_3, hangedman_spider_tarantella_strand
Spider:2: layout_spider_delve, uniq_agnes
Spider:3: layout_spider_delve, portal_ice_cave_entry_pillars_1,
          nicolae_arachne_temple
Orc:1:    layout_caves, serial_shops, nicolae_shop_advertising_works
          [nicolae_subvault_shop_adworks]
Orc:2:    st_orc_congregation, layout_caves, serial_shops,
          nicolae_shop_back_alley_shop, nicolae_orc_lost_temple
Elf:1:    nicolae_elf_arrival_dilemma, layout_loops_corners,
          hangedman_elf_disciples, minmay_shoptagon, lemuel_upstairs_altar,
          uniq_aizul
Elf:2:    elven_hall_of_blades_hangedman_original
          [nicolae_blade_entry_area_security], layout_rooms, serial_shops, shop
Elf:3:    minmay_elf_hall, layout_geoelf_grid, serial_shops, shop
Depths:1: layout_honeycomb, enter_ziggurat_c, serial_shops, bzr_entry_dummy,
          pan_entry, skrybe_limestone_x, abyss_entry, ebering_ghost_inner_flame,
          pf_hell_entry_tar_spiral, minmay_shop_grid_forest,
          minmay_misc_feat_encased, nemelex_spade_bored_becter, uniq_bai_suzhen
Depths:2: minmay_glassy_protrusions, layout_cave_pools, hell_entry,
          rand_demon_pan_entry_7, tso_metal_star
IceCv:    ice_cave_statue_garden_transporter

Skill      XL: |  1  2  3  4  5  6  7  8  9 10 11 12 13 14 15 16 17 18 19 |
---------------+----------------------------------------------------------+-----
Maces & Flails | 2 3 4 5 6 8 10 11 12 14 15 17 19 20 | 20.0
Fighting       | 3 4 5 6 7 8 9 10 11 13 14 15 | 15.3
Armour         | 4 5 6 8 9 10 12 14 15 16 17 18 19 20 | 20.1
Shields        | 4 5 6 8 9 11 14 | 14.0
Evocations     | 1 2 3 4 |  4.4
Stealth        | |  0.8

Action                     |  1- 3 |  4- 6 |  7- 9 | 10-12 | 13-15 | 16-18 | 19-21 || total
---------------------------+-------+-------+-------+-------+-------+-------+-------++-------
  Melee: Flail             |   115 |   177 |   352 |    98 |       |       |       ||   742
         Tailslap          |     6 |    23 |    50 |   240 |   214 |   204 |    73 ||   810
         Whip              |       |       |       |  1446 |   600 |       |       ||  2046
         Great mace        |       |       |       |       |   760 |  1242 |   414 ||  2416
  Throw: Dart              |       |       |     3 |       |     1 |       |    10 ||    14
         Throwing net      |       |       |     2 |     2 |       |       |       ||     4
         Javelin           |       |       |       |       |     1 |       |       ||     1
 Invoke: Call Merchant     |       |       |       |     1 |     2 |     1 |       ||     4
         Potion Petition   |       |       |       |       |     2 |     1 |     2 ||     5
  Evoke: Wand              |       |     2 |    22 |     5 |    24 |     5 |     5 ||    63
         Lightning rod     |       |       |       |       |     7 |     6 |     4 ||    17
    Use: Scroll            |     2 |     9 |     5 |    12 |    11 |    19 |    10 ||    68
         Potion            |       |     2 |     5 |     3 |    13 |     7 |    13 ||    43
   Stab: Held in net/web   |       |       |     1 |       |       |       |       ||     1
         Distracted        |       |       |       |     2 |     2 |     3 |     1 ||     8
         Paralysed         |       |       |       |    22 |    52 |     3 |       ||    77
         Invisible         |       |       |       |       |     1 |     4 |     1 ||     6
         Fleeing           |       |       |       |       |       |       |     1 ||     1
 Armour: Scale mail        |    51 |   119 |   293 |    55 |       |       |       ||   518
         Plate armour      |       |       |       |   824 |   453 |       |       ||  1277
         Chain mail        |       |       |       |       |   829 |   924 |   616 ||  2369
  Dodge: Dodged            |    40 |    55 |    87 |   154 |   406 |   373 |   166 ||  1281
  Block: Buckler           |    16 |    42 |   113 |    64 |       |       |       ||   235
         Kite shield       |       |       |       |   526 |   356 |       |       ||   882
